 Dungeon Crawl Stone Soup version 0.26-a0-812-g31a745ddcd (webtiles) character file.

Game seed: 15391842874740915928

53 HoaS the Shield-Bearer (level 3, 0/23 HPs)
             Began as a Gargoyle Fighter on Dec 8, 2020.
             Slain by a worm (3 damage)
             ... on level 2 of the Dungeon.
             The game lasted 00:01:36 (405 turns).

HoaS the Shield-Bearer (Gargoyle Fighter)            Turns: 405, Time: 00:01:36

Health: 0/23       AC: 10    Str: 20    XL:     3   Next: 87%
Magic:  3/3        EV:  7    Int:  8    God:
Gold:   17         SH:  9    Dex:  9    Spells: 2/2 levels left

rFire    . . .     SeeInvis .   g - -1 whip (curse)
rCold    . . .     Faith    .   c - +0 kite shield
rNeg     + . .     Spirit   .   b - +0 scale mail
rPois    ∞         Reflect  .   (no helmet)
rElec    +         Harm     .   (no cloak)
rCorr    .         Rampage  .   (no gloves)
MR       .....                  (no boots)
Stlth    ..........             (no amulet)
HPRegen  0.07/turn              (no ring)
MPRegen  0.08/turn              (no ring)

@: mighty, slowed, very slow
A: negative energy resistance 1, electricity resistance, unbreathing,
petrification resistance, rot immunity, AC +3
a: no special abilities


You were on level 2 of the Dungeon.
You visited 1 branch of the dungeon, and saw 2 of its levels.

You collected 17 gold pieces.

Inventory:

Hand Weapons
 a - a +0 flail
 g - a cursed -1 whip (weapon)
Armour
 b - a +0 scale mail (worn)
 c - a +0 kite shield (worn)
 f - a +0 chain mail
Potions
 e - a potion of flight {unknown}


   Skills:
 - Level 3.2 Fighting
 * Level 3.5 Maces & Flails
 - Level 3.2 Armour
 + Level 3.9 Shields


You had 2 spell levels left.
You didn't know any spells.
Your spell library was empty.

Dungeon Overview and Level Annotations

Branches:
Dungeon (2/15)

Altars:


Innate Abilities, Weirdness & Mutations

You are resistant to torment.
Your stone body is resilient. (AC +3)
You are immune to poison.
You resist negative energy. (rN+)
You are resistant to electric shocks. (rElec)
You can survive without breathing.
You are immune to petrification.
You are immune to rotting.


Message History

You resist with significant effort. The worm bites you.
You miss Natasha.
Natasha is moderately wounded.
You block the crimson imp's attack. Natasha claws you.
You block the crimson imp's attack. Natasha barely misses you.
The worm bites you but does no damage.
You closely miss Natasha.
Natasha is moderately wounded.
You block the crimson imp's attack.
The crimson imp hits you but does no damage.
You block Natasha's attack. The crimson imp hits you.
You whack Natasha!
You kill Natasha!
Natasha screams in fury as she dies!
The crimson imp disappears in a puff of smoke! x2
The worm bites you.
* * * LOW HITPOINT WARNING * * *
Your shield and scale mail prevent you from hitting the worm.
The worm bites you.
You die...

. ..
############...
#............#
#............#
#......!.....##
#....@w........
#..............
#..............
#..............
#..............
#............#.
#)...........#
#.............


You could see a worm.

Vanquished Creatures
  Natasha (D:2)
  An ooze (D:1)
  A dart slug (D:2)
  5 goblins (D:1)
  A hobgoblin (D:1)
  7 bats
  A kobold (D:1)
  5 rats
22 creatures vanquished.

Notes
Turn   | Place    | Note
-------+----------+-------------------------------------------
     0 | D:1      | HoaS the Gargoyle Fighter began the quest for the Orb.
     0 | D:1      | Reached XP level 1. HP: 14/14 MP: 1/1
   103 | D:1      | Reached XP level 2. HP: 18/19 MP: 2/2
   115 | D:1      | You fall into a shaft and drop 1 floor!
   364 | D:1      | Reached XP level 3. HP: 20/23 MP: 3/3
   390 | D:1      | You fall into a shaft and drop 1 floor!
   390 | D:2      | Noticed Natasha
   402 | D:2      | Killed Natasha
   405 | D:2      | Slain by a worm

Illustrated notes

Levels and vault maps discovered:
D:1:      psy_arrival_radial02, layout_basic, serial_forest,
          infiniplex_forest_clump_large, infiniplex_forest_lined_ring,
          infiniplex_forest_zigzag_1, infiniplex_forest_clump_double,
          infiniplex_forest_clump_tiny, infiniplex_forest_lined_2,
          infiniplex_forest_straight_2, serial_bayou_crossing
D:2:      layout_basic, uniq_natasha

Skill      XL: |  1  2 |
---------------+-------+-----
Maces & Flails | 3 |  3.5
Fighting       | |  3.2
Armour         | |  3.2
Shields        | |  3.9

Action                   || total
-------------------------++-------
Melee: Flail             ||    51
       Whip              ||    40
  Use: Scroll            ||     2
       Potion            ||     1
Armor: Scale mail        ||    80
Dodge: Dodged            ||    39
Block: Kite shield       ||    66

Table legend: (Time is in decaauts)
 A = Elapsed time spent in this place.
 B = Non-inter-level travel time spent in this place.
 C = Inter-level travel time spent in this place.
 D = Time resting spent in this place.
 E = Time spent auto-exploring this place.
 F = Levels seen in this place.
 G = Mean time per level.
                   A        B        C        D        E       F      G
               +--------+--------+--------+--------+--------+-----+--------+
         Total |    435 |    435 |      0 |      0 |    214 |   2 |  217.5 |
       Dungeon |    435 |    435 |      0 |      0 |    214 |   2 |  217.5 |
               +--------+--------+--------+--------+--------+-----+--------+

Top non-repeatable levels by time:
     D:1: 316 daAuts
     D:2: 118 daAuts
